 Dungeon Crawl Stone Soup version 0.18-a0-1577-gf591c28 (webtiles) character file.

29 poirepourri the Chiller (level 3, 0/24 HPs)
             Began as a Merfolk Ice Elementalist on Mar 18, 2016.
             Slain by an adder (2 damage)
             ... on level 2 of the Dungeon.
             The game lasted 00:02:28 (1153 turns).

poirepourri the Chiller (Merfolk Ice Elementalist)  Turns: 1153, Time: 00:02:29

Health: 0/24       AC:  2    Str:  8    XL:     3   Next: 16%
Magic:  0/6        EV: 13    Int: 14    God:
Gold:   18         SH:  0    Dex: 15    Spells: 3 memorised, 0 levels left

rFire  . . .     SeeInvis .     (no weapon)
rCold  . . .     Gourm    +     a - +0 robe
rNeg   . . .     Faith    .     (no shield)
rPois  .         Spirit   .     (no helmet)
rElec  .         Dismiss  .     (no cloak)
rCorr  .         Reflect  .     (no gloves)
SustAt .         Harm     .     (no boots)
MR     .....                    g - amulet of the gourmand
Stlth  ++........               (no ring)
                                (no ring)

@: lethally poisoned (0 -> -9), not resistant to hostile enchantments,
unstealthy
A: change form in water, swift swim
a: no special abilities


You were on level 2 of the Dungeon.
You were not hungry.

You visited 1 branch of the dungeon, and saw 2 of its levels.

You collected 18 gold pieces.

Inventory:

Armour
 a - a +0 robe (worn)
Jewellery
 g - an amulet of the gourmand (around neck)
Potions
 e - a potion of berserk rage {unknown}
 h - a potion of curing {unknown}
 l - a potion of degeneration {unknown}
Books
 b - a book of Frost

   Spells                             Type                      Level
   a - Freeze                         Ice                          1
   b - Throw Frost                    Conjuration/Ice              2
   c - Ozocubu's Armour               Charms/Ice                   3
   d - Throw Icicle                   Conjuration/Ice              4
   e - Summon Ice Beast               Ice/Summoning                4
Comestibles
 c - 2 bread rations
 i - a beef jerky


   Skills:
 + Level 3.1 Dodging
 + Level 2.5 Stealth
 + Level 2.3 Spellcasting
 + Level 0.7 Conjurations
 + Level 3.9 Ice Magic


You couldn't memorise any spells.
You knew the following spells:

 Your Spells              Type           Power        Failure   Level  Hunger
a - Freeze                Ice            ##..         4%          1    #......
b - Throw Frost           Conj/Ice       #.....       17%         2    ###....
c - Ozocubu's Armour      Chrm/Ice       #.......     30%         3    ###....


Dungeon Overview and Level Annotations

Branches:
Dungeon (2/15)

Altars:


Message History

You feel sick.
Casting: Freeze
Confirm with . or Enter, or press ? or * to list all spells.
Aiming: Freeze
Press: ? - help, Shift-Dir - straight line, f/p - adder
Aim: an adder (lightly wounded)
You freeze the adder.
The adder seems to slow down.
The adder is heavily wounded.
The adder barely misses you.
Drink which item? (? for menu, Esc to quit)
Okay, then.
Eat which item? (? for menu, Esc to quit)
* * * LOW HITPOINT WARNING * * *
You feel sick. The adder bites you.
* * * LOW HITPOINT WARNING * * *
You are more poisoned.
The adder poisons you!
You continue eating.
The adder bites you.
You die...

**,,,,,,.......#########.#
**,,**,,,,..........§§§§.[#
*,,***,****#.#....#§§§##### *,**
*,* #.##....##§###
***,***#.#####....##..#...###
,≈≈≈≈≈≈.≈.......#####..##.<.#****
≈≈≈≈≈≈≈≈≈.####.## ##.##........
*≈,≈***≈,,* #.### #...........
*≈,≈* *≈,** #..@## ####........
*≈≈≈***≈,#** ###S.# #........
≈≈,≈≈≈≈≈,..##**##†# #########
≈≈≈,,≈≈≈,#..[.###.######
≈≈≈≈≈≈≈≈,*##.."..(.....##
*≈,≈***≈,*#.............#* *≈,≈*
*≈,#$......).......*
*≈,≈***≈,#...............*
≈≈≈≈≈≈≈≈≈#...............*


You could see an adder.

Vanquished Creatures
  An adder (D:2)
  A giant cockroach (D:1)
  2 goblins (D:2)
  2 hobgoblins
  3 jackals (D:1)
  3 bats (D:1)
  4 kobolds
  4 rats (D:1)
20 creatures vanquished.

Notes
Turn   | Place    | Note
--------------------------------------------------------------
     0 | D:1      | poirepourri the Merfolk Ice Elementalist began the quest for the Orb.
     0 | D:1      | Reached XP level 1. HP: 13/13 MP: 3/3
   237 | D:1      | Reached XP level 2. HP: 19/19 MP: 0/5
  1016 | D:2      | Reached XP level 3. HP: 24/24 MP: 2/6
  1020 | D:2      | Learned a level 2 spell: Throw Frost
  1024 | D:2      | Learned a level 3 spell: Ozocubu's Armour
  1153 | D:2      | Slain by an adder

Vault maps used:
D:1:      dpeg_arrival_lava_temple_mockup
D:2:      kennysheep_boxes

Skill      XL: |  1  2 |
---------------+-------+-----
Dodging        | 3 |  3.1
Stealth        | |  2.5
Spellcasting   | |  2.3
Conjurations   | |  0.7
Ice Magic      | |  3.9

Action                   || total
-------------------------++-------
Melee: Unarmed           ||     5
 Cast: Freeze            ||    28
       Throw Frost       ||     2
  Use: Scroll            ||     4
  Eat: Bread ration      ||     1
